 Dungeon Crawl Stone Soup version 0.24.1-14-gf8d2b509d9 (console) character file.

Game seed: 16885698334603101009, levelgen mode: deterministic

53 Kagalorn the Caller (level 3, 0/24 HPs)
             Began as a Demonspawn Summoner on Aug 3, 2020.
             Slain by an adder (1 damage)
             ... on level 2 of the Dungeon.
             The game lasted 00:04:35 (1695 turns).

Kagalorn the Caller (Demonspawn Summoner)           Turns: 1695, Time: 00:04:36

Health: 0/24       AC:  2    Str:  9    XL:     3   Next: 64%
Magic:  4/6        EV: 12    Int: 16    God:
Gold:   112        SH:  0    Dex: 13    Spells: 6/7 levels left

rFire    . . .     SeeInvis .   a - +0 spear
rCold    . . .     Gourm    .   (no shield)
rNeg     . . .     Faith    .   d - +0 robe
rPois    .         Spirit   .   (no helmet)
rElec    .         Reflect  .   (no cloak)
rCorr    .         Harm     .   (no gloves)
MR       .....                  (no boots)
Stlth    ++........             (no amulet)
HPRegen  0.08/turn              (no ring)
MPRegen  0.10/turn              (no ring)

@: lethally poisoned (0 -> -5), hasted, very quick
A: claws 1
a: no special abilities


You were on level 2 of the Dungeon.
You were not hungry.

You visited 1 branch of the dungeon, and saw 2 of its levels.

You collected 112 gold pieces.

Inventory:

Hand Weapons
 a - a +0 spear (weapon)
 b - a +0 dagger
Missiles
 i - 122 stones (quivered)
 j - 15 arrows
Armour
 d - a +0 robe (worn)
Scrolls
 e - 3 scrolls of teleportation {unknown}
 f - 2 scrolls of blinking {unknown}
 h - 2 scrolls of identify {unknown}
 k - a scroll of fog {unknown}
 l - 2 scrolls of immolation {unknown}
 m - a scroll of remove curse {unknown}
Potions
 g - a potion of haste
Comestibles
 c - 3 rations


   Skills:
 + Level 2.2 Dodging
 - Level 2.0 Stealth
 + Level 2.5 Spellcasting
 * Level 4.7 Summonings


You had 6 spell levels left.
You knew the following spells:

 Your Spells              Type           Power        Failure   Level  Hunger
a - Summon Small Mammal   Summ           ###.         2%          1    #......

Your spell library contained the following spells:

 Spells                   Type           Power        Failure   Level  Hunger
 Call Imp                 Summ           ###.....     4%          2    ##.....
 Call Canine Familiar     Summ           ###.....     9%          3    ###....
 Summon Guardian Golem    Hex/Summ       #.......     22%         3    ###....
 Summon Ice Beast         Ice/Summ       #.......     58%         4    #####..
 Summon Lightning Spire   Summ/Air       #.......     58%         4    #####..


Dungeon Overview and Level Annotations

Branches:
Dungeon (2/15)

Altars:
Yredelemnul
The Shining One


Innate Abilities, Weirdness & Mutations

You have sharp fingernails.


Message History

Press: ? - help, Dir - move target cursor, f/p - adder
Aim: an adder (moderately wounded)
You barely miss the adder.
The adder is moderately wounded.
You feel sick.
Your quokka barely misses the adder.
Your quokka bites the adder but does no damage.
The adder bites you.
* * * LOW HITPOINT WARNING * * *
You are more poisoned.
The adder poisons you!
You barely miss the adder.
The adder is moderately wounded.
Your quokka closely misses the adder.
The adder bites you.
* * * LOW HITPOINT WARNING * * *
Your quokka closely misses the adder. x2
Unknown command.
It was a potion of haste.
You feel yourself speed up.
* * * LOW HITPOINT WARNING * * *
You feel sick. The adder bites you.
You die...

#.....#
#.......#.#.##
###.###
#.......#.#.†. #.#
#.......#.#..#
#.#####.......#.##.#
#.##...............#
#.##.#############.#
#.##.# #.# #.##r###
#.# #..@Sr.# #..
#..#r#..# ..#
#....##.# #.# #.##.#
.# .# #.##... . #
#.#####.## #.. #.# #
#.. #. #.## #


You could see an adder and 3 friendly quokkas.

Vanquished Creatures
  An adder (D:2)
  A leopard gecko (D:2)
  6 bats
  A giant cockroach (D:1)
  2 goblins (D:2)
  2 jackals (D:2)
  A quokka (D:2)
  2 frilled lizards (D:1)
  3 kobolds
  2 rats
21 creatures vanquished.

Vanquished Creatures (collateral kills)
  An adder (D:2)
  2 leopard geckos
  4 hobgoblins
  2 kobolds
  3 bats
  3 frilled lizards
  5 goblins (D:1)
  A rat (D:1)
21 creatures vanquished.

Grand Total: 42 creatures vanquished

Notes
Turn   | Place    | Note
-------+----------+-------------------------------------------
     0 | D:1      | Kagalorn the Demonspawn Summoner began the quest for the
                  | Orb.
     0 | D:1      | Reached XP level 1. HP: 13/13 MP: 3/3
   272 | D:1      | Gained mutation: You have sharp fingernails. [demonic
                  | ancestry]
   272 | D:1      | Reached XP level 2. HP: 5/19 MP: 1/5
  1342 | D:2      | Reached XP level 3. HP: 20/24 MP: 1/6
  1366 | D:2      | Found a basalt altar of Yredelemnul.
  1675 | D:2      | Found a glowing golden altar of the Shining One.
  1695 | D:2      | HP: 1/24 [poisoned by an adder]
  1695 | D:2      | Slain by an adder

Levels and vault maps discovered:
D:1:      roderic_crop_circles_arrival_small, layout_basic, st_stairs_12
D:2:      layout_loops_cross, yredelemnul_altar_generic, lemuel_crystal_altar,
          uniq_sigmund

Skill      XL: |  1  2 |
---------------+-------+-----
Stealth        | 2 |  2.0
Dodging        | 2 |  2.2
Spellcasting   | |  2.5
Summonings     | |  4.7

Action                   || total
-------------------------++-------
Melee: Unarmed           ||    15
       Dagger            ||    52
       Spear             ||    75
 Cast: Summon Small Mamm ||    39
  Use: Potion            ||     1
 Stab: Sleeping          ||     4
  Eat: Chunk             ||     3
Armor: Robe              ||    48
Dodge: Dodged            ||   117
